 Dungeon Crawl Stone Soup version 0.29-a0-495-g17b79114eb (webtiles) character file.

Game seed: 3180146051772188565

14 jlumianski the Firebug (level 2, -3/20 HPs)
             Began as a Demigod Fire Elementalist on May 27, 2022.
             Shot with a sling bullet by a goblin (6 damage)
             ... led by Robin
             ... on level 2 of the Dungeon.
             The game lasted 00:06:48 (1065 turns).

jlumianski the Firebug (Demigod Fire Elementalist)  Turns: 1065, Time: 00:06:49

Health: -3/20      AC:  3    Str:  6 (9)  XL:     2   Next: 18%
Magic:  7/7        EV: 12    Int: 15 (17) God:
Gold:   133        SH:  0    Dex: 12 (14) Spells: 3/4 levels left

rFire   + . .      SeeInvis .   c - +0 spear
rCold   . . .      Faith    .   (no shield)
rNeg    . . .      Spirit   .   a - +1 robe
rPois   .          Reflect  .   (no helmet)
rElec   .          Harm     .   (no cloak)
rCorr   .          Rampage  .   (no gloves)
Will    .....                   (no boots)
Stlth   ++........              (no amulet)
HPRegen 0.06/turn               k - ring of protection from fire
MPRegen 0.10/turn               (no ring)

@: no status effects
A: high MP 1, forlorn, divine attributes
a: no special abilities


You were on level 2 of the Dungeon.
You visited 1 branch of the dungeon, and saw 2 of its levels.

You collected 133 gold pieces.

Inventory:

Hand Weapons
 c - a +0 spear (weapon)
 g - a +0 short sword
 j - a +0 hunting sling
Missiles
 d - 72 stones
Armour
 a - a +1 robe (worn)
 e - a +0 scale mail
Jewellery
 k - a ring of protection from fire (left hand)
Scrolls
 h - 2 scrolls of enchant armour
Potions
 b - a potion of magic


   Skills:
 + Level 1.7 Dodging
 + Level 1.8 Stealth
 + Level 1.9 Spellcasting
 + Level 1.2 Conjurations
 + Level 3.1 Fire Magic


You had 3 spell levels left.
You knew the following spells:

 Your Spells              Type           Power      Damage    Failure   Level
a - Foxfire               Conj/Fire      32%        2x1d5     9%          1

Your spell library contained the following spells:

 Spells                   Type           Power      Damage    Failure   Level
 Scorch                   Fire           20%        2d6       10%         2
 Freeze                   Ice            4%         1d3       22%         1
 Conjure Flame            Conj/Fire      8%         6-21      26%         3
 Inner Flame              Hex/Fire       6%         N/A       34%         3
 Frozen Ramparts          Ice            2%         1d2       56%         3
 Flame Wave               Conj/Fire      8%         2d5       65%         4
 Hailstorm                Conj/Ice       3%         3d3       86%         4


Dungeon Overview and Level Annotations

Branches:
Dungeon (2/15)


Innate Abilities, Weirdness & Mutations

You have an increased reservoir of magic. (+10% MP)
You shall have no god before yourself.
Your divine heritage dramatically boosts your attributes as you level up.


Message History

You hit the hobgoblin but do no damage.
The hobgoblin is lightly wounded.
The hobgoblin closely misses you. The goblin hits you with a +0 club.
You closely miss the hobgoblin.
The hobgoblin is lightly wounded.
The hobgoblin closely misses you. The goblin closely misses you.
You hit the hobgoblin but do no damage.
The hobgoblin is lightly wounded.
The hobgoblin hits you. The goblin misses you.
You hit the hobgoblin but do no damage.
The hobgoblin is lightly wounded.
The hobgoblin barely misses you. The goblin hits you with a +0 club.
* * * LOW HITPOINT WARNING * * *
The hobgoblin hits you.
* * * LOW HITPOINT WARNING * * *
The goblin hits you with a +0 club.
* * * LOW HITPOINT WARNING * * *
It was a potion of degeneration.
There was something very wrong with that liquid.
You feel weakened.
You feel dopey.
You feel clumsy. The hobgoblin barely misses you. The goblin barely misses you.
You closely miss the hobgoblin. The goblin hits you but does no damage.
The hobgoblin closely misses you.
You hit the hobgoblin.
The hobgoblin is moderately wounded.
The goblin barely misses you. The hobgoblin closely misses you.
You hit the hobgoblin.
You kill the hobgoblin!
The goblin unwields a +0 dagger.
The goblin wields a +0 hunting sling.
The goblin shoots a sling bullet.
The sling bullet misses you.
You hit the goblin.
You kill the goblin!
The goblin shoots a sling bullet.
The sling bullet hits you but does no damage.
Found a scroll labelled QIYMUO NULATZ.
The goblin shoots a sling bullet.
The sling bullet closely misses you.
Items here: ( )) †.
The goblin shoots a sling bullet.
The sling bullet misses you.
The goblin shoots a sling bullet.
The sling bullet hits you.
You die...

#..#g# .. #.# # #.#
#.#############
#.).......g.g.#
#############)#####
?...........#
#######.###.# #@# #.#
#.# #.# #.# #.# #..
#######################
.....<...............<#


You could see a goblin.

Vanquished Creatures
  3 bats
  An endoplasm (D:2)
  2 goblins (D:2)
  A hobgoblin (D:2)
  A kobold (D:2)
  A quokka (D:1)
  2 ball pythons (D:1)
  2 rats (D:1)
13 creatures vanquished.

Vanquished Creatures (others)
  19 foxfires
19 creatures vanquished.

Grand Total: 32 creatures vanquished

Notes
Turn   | Place    | Note
-------+----------+-------------------------------------------
     0 | D:1      | jlumianski the Demigod Fire Elementalist began the quest
                  | for the Orb.
     0 | D:1      | Reached XP level 1. HP: 14/14 MP: 5/5
   415 | D:1      | Reached skill level 3 in Fire Magic
   758 | D:2      | Reached skill level 1 in Conjurations
   970 | D:2      | Reached XP level 2. HP: 20/20 MP: 2/7
  1065 | D:2      | Shot with a sling bullet by a goblin

Illustrated notes

Levels and vault maps discovered:
D:1:      kennysheep_arrival_forest, layout_basic
D:2:      layout_basic, chequers_ecumenical_altar_grove, hangedman_glass_teeth,
          uniq_robin

Skill      XL: |  1 |
---------------+----+-----
Fire Magic     | 3 |  3.1
Conjurations   | 1 |  1.2
Dodging        | |  1.7
Stealth        | |  1.8
Spellcasting   | |  1.9

Action                   || total
-------------------------++-------
Melee: Spear             ||    24
 Cast: Foxfire           ||    11
  Use: Potion            ||     3
       Scroll            ||     1
 Stab: Sleeping          ||     1
Armor: Robe              ||    12
Dodge: Dodged            ||    50

Table legend: (Time is in decaauts)
 A = Elapsed time spent in this place.
 B = Non-inter-level travel time spent in this place.
 C = Inter-level travel time spent in this place.
 D = Time resting spent in this place.
 E = Time spent auto-exploring this place.
 F = Levels seen in this place.
 G = Mean time per level.
                   A        B        C        D        E       F      G
               +--------+--------+--------+--------+--------+-----+--------+
         Total |   1067 |   1047 |     20 |      0 |    571 |   2 |  533.5 |
       Dungeon |   1067 |   1047 |     20 |      0 |    571 |   2 |  533.5 |
               +--------+--------+--------+--------+--------+-----+--------+

Top non-repeatable levels by time:
     D:1: 719 daAuts
     D:2: 348 daAuts
